 Dungeon Crawl Stone Soup version 0.28.0-45-g0d030f2227 (webtiles) character file.

Game seed: 189940008091531972

8 protoss039 the Digger (level 2, 0/20 HPs)
             Began as a Demonspawn Earth Elementalist on May 30, 2022.
             Slain by a jackal (1 damage)
             ... on level 1 of the Dungeon.
             The game lasted 00:01:00 (402 turns).

protoss039 the Digger (DsEE)                         Turns: 402, Time: 00:01:01

Health: 0/20       AC:  3    Str:  8    XL:     2   Next: 0%
Magic:  0/5        EV: 11    Int: 16    God:
Gold:   5          SH:  0    Dex: 13    Spells: 4/5 levels left

rFire   . . .      SeeInvis .   e - +0 dagger
rCold   . . .      Faith    .   (no shield)
rNeg    . . .      Spirit   .   d - +0 leather armour
rPois   .          Reflect  .   (helmet restricted)
rElec   .          Harm     .   (no cloak)
rCorr   .          Rampage  .   (no gloves)
Will    .....                   (no boots)
Stlth   ++........              (no amulet)
HPRegen 0.06/turn               (no ring)
MPRegen 0.09/turn               (no ring)

@: no status effects
A: horns 1
a: no special abilities


You were on level 1 of the Dungeon.
You visited 1 branch of the dungeon, and saw 1 of its levels.

You collected 5 gold pieces.

Inventory:

Hand Weapons
 e - a +0 dagger (weapon)
Missiles
 c - 25 stones
Armour
 d - a +0 leather armour (worn)
Scrolls
 b - a scroll of identify {unknown}


   Skills:
 * Level 0.8 Fighting
 + Level 0.3 Armour
 - Level 1.7 Dodging
 - Level 1.7 Stealth
 + Level 2.1 Spellcasting
 - Level 1.0 Transmutations
 + Level 2.8 Earth Magic


You had 4 spell levels left.
You knew the following spells:

 Your Spells              Type           Power      Damage    Failure   Level
a - Sandblast             Erth           20%        2d7       9%          1

Your spell library contained the following spells:

 Spells                   Type           Power      Damage    Failure   Level
 Passwall                 Tmut/Erth      5%         N/A       21%         2
 Stone Arrow              Conj/Erth      12%        3d7       43%         3
 Petrify                  Tmut/Erth      7%         N/A       78%         4


Dungeon Overview and Level Annotations

Branches:
Dungeon (1/15)

Altars:


Innate Abilities, Weirdness & Mutations

You have a pair of small horns on your head.


Message History

The jackal barely misses you.
Casting: Sandblast (safe; 10% risk of failure)
Confirm with . or Enter, or press ? or * to list all spells.
Aiming: Sandblast (safe; 10% risk of failure)
Press: ? - help, Shift-Dir - straight line, f/p - jackal
Aim: a jackal (74% to hit)
The blast of sand misses the jackal.
The blast of sand hits the jackal.
You kill the jackal!
The jackal misses you.
You have reached level 2!
Your demonic ancestry asserts itself...
A pair of horns grows on your head!
Unknown command.
The jackal bites you but does no damage.
Casting: Sandblast (safe; 9% risk of failure)
Confirm with . or Enter, or press ? or * to list all spells.
Aiming: Sandblast (safe; 9% risk of failure)
Press: ? - help, Shift-Dir - straight line, f/p - jackal
Aim: a jackal (74% to hit)
The blast of sand misses the jackal.
The jackal barely misses you.
Unknown command.
You closely miss the jackal. The jackal bites you.
* * * LOW HITPOINT WARNING * * *
You barely miss the jackal. The jackal barely misses you.
The jackal bites you but does no damage.
Your magical contamination has completely faded away.
You hit the jackal. You headbutt the jackal.
The jackal is moderately wounded.
The jackal bites you.
* * * LOW HITPOINT WARNING * * *
Unknown command.
Unknown command.
You barely miss the jackal. Your headbutt misses the jackal.
The jackal is moderately wounded.
The jackal barely misses you. The jackal closely misses you.
Unknown command.
Unknown command.
You see here a +0 club.
The jackal bites you.
You die...

### #.. #### #.#
...### #.#
.....###########.#####
##.#.................#
##.######...####@###.#
...# #.....# #h# #.#
#### ##...##
#.###.###.# ##.##
#...†.....# ### #.#
#####.##### ..# #.#
#.# ..# ##+## #.# ..##
##...## #.# .#.#
##.....## #.#


You could see a jackal.

Vanquished Creatures
  A bat (D:1)
  4 jackals (D:1)
  A kobold (D:1)
6 creatures vanquished.

Notes
Turn   | Place    | Note
-------+----------+-------------------------------------------
     0 | D:1      | protoss039 the Demonspawn Earth Elementalist began the
                  | quest for the Orb.
     0 | D:1      | Reached XP level 1. HP: 13/13 MP: 3/3
    60 | D:1      | Reached skill level 1 in Transmutations
   394 | D:1      | Gained mutation: You have a pair of small horns on your
                  | head. [demonic ancestry]
   394 | D:1      | Reached XP level 2. HP: 4/20 MP: 0/5
   399 | D:1      | HP: 1/20 [jackal (1)]
   402 | D:1      | Slain by a jackal

Illustrated notes

Levels and vault maps discovered:
D:1:      nzn_arrival_water_spiral, layout_loops_corners, serial_shops, shop,
          ebering_ecumenical_altar_mist

Skill      XL: |  1 |
---------------+----+-----
Transmutations | 1 |  1.0
Fighting       | |  0.8
Armour         | |  0.3
Dodging        | |  1.7
Stealth        | |  1.7
Spellcasting   | |  2.1
Earth Magic    | |  2.8

Action                   || total
-------------------------++-------
Melee: Unarmed           ||    24
       Dagger            ||    18
       Club              ||     2
       Punch             ||     1
       Headbutt          ||     1
 Cast: Sandblast         ||     5
 Stab: Sleeping          ||     1
Armor: Robe              ||     9
       Leather armour    ||    10
Dodge: Dodged            ||    42
